Map: Redshift LE

Players

Gemaechtmann

  • Race: Zerg Zerg
  • League: Silver
  • Spawn Location: 7:00

Avoš - Winner!

  • Race: Protoss Protoss
  • League: Silver
  • Spawn Location: 11:00

VOD

Have the link to the VOD?

Description

Time

  • Played on: Aug. 3, 2018, 4:57 p.m.
  • Length: 13:24
Show
View Real Time Build Order
Export as new Build Order

Gemaechtmann Zerg 

Build Orders: Pool First 

Get SALT Encoding   

  12  0:05  Drone  
  13  0:08  Drone  
  14  0:29  Spawning Pool, Drone  
  14  0:34  Extractor  
  14  0:35  Drone  
  14  0:40  Extractor  
  14  0:42  Drone  
  14  1:03  Overlord  
  14  1:21  Lair  
  14  1:23  Drone  
  14  1:24  Drone  
  16  1:26  Drone  
  17  1:41  Drone  
  18  2:06  Hatchery  
  17  2:08  Drone  
  17  2:12  Drone  
  19  2:24  Hydralisk Den  
  19  2:27  Drone  
  19  2:32  Drone  
  20  2:38  Drone  
  21  2:46  Overlord  
  21  2:51  Overseer  
  21  3:04  Queen  
  23  3:12  Overseer  
  23  3:13  Extractor  
  23  3:17  Hydralisk  
  24  3:21  Hydralisk  
  26  3:27  Overseer  
  26  3:28  Hydralisk  
  26  3:33  Drone  
  29  3:56  Hydralisk x2  
  29  3:57  Hydralisk  
  29  4:01  Extractor  
  35  4:02  Drone  
  35  4:05  Drone  
  36  4:22  Overlord x2  
  36  4:41  Overlord x2  
  36  4:49  Queen  
  36  4:52  Drone  
  39  5:12  Drone x2  
  41  5:15  Drone  
  42  5:24  Pneumatized Carapace  
  42  5:44  Hydralisk  
  42  5:45  Hydralisk  
  42  5:46  Hydralisk  
  42  5:47  Hydralisk  
  50  6:05  Drone x3  
  50  6:06  Drone  
  50  6:08  Burrow, Drone  
  50  6:10  Drone  
  56  6:26  Drone  
  56  6:27  Drone x2  
  56  6:28  Drone x2  
  61  6:41  Drone x2  
  61  6:42  Drone x2  
  65  7:03  Drone x3  
  68  7:29  Overlord x3  
  68  7:30  Overlord  
  68  7:39  Hatchery  
  68  7:42  Extractor  
  68  7:43  Extractor  
  65  7:49  Evolution Chamber  
  64  7:55  Evolution Chamber  
  63  8:00  Infestation Pit  
  63  8:04  Spire x2  
  60  8:17  Lair  
  60  8:25  Zerg Ground Armor Level 1  
  60  8:26  Zerg Melee Weapons Level 1  
  60  8:29  Grooved Spines  
  60  8:41  Hive  
  60  9:05  Drone x2  
  60  9:09  Queen  
  64  9:13  Drone  
  65  9:25  Drone  
  66  9:33  Drone  
  67  9:40  Muscular Augments  
  67  9:56  Ultralisk Cavern  
  66  10:18  Corruptor x6  
  66  10:19  Corruptor x6  
  66  10:21  Zerg Missile Weapons Level 1  
  90  10:52  Hydralisk  
  90  10:53  Hydralisk x2  
  90  10:54  Hydralisk  
  90  10:55  Hydralisk x2  
  90  10:57  Hydralisk x2  
  106  11:13  Overlord  
  106  11:14  Overlord x3  
  106  11:25  Greater Spire  
  106  11:26  Greater Spire  
  106  11:39  Chitinous Plating  
  106  11:49  Drone x2  
  106  11:50  Drone  
  106  11:51  Drone  
  110  12:15  Overseer  
  99  12:37  Queen  
  95  12:49  Corruptor x8  
Show
View Real Time Build Order
Export as new Build Order

Avoš Protoss - Winner!

Build Orders: Blink Stalkers 

Get SALT Encoding   

  12  0:01  Probe  
  13  0:13  Probe  
  14  0:24  Pylon  
  14  0:26  Probe  
  15  0:42  Probe  
  16  0:45  Gateway  
  16  0:53  Assimilator  
  16  0:54  Probe  
  17  0:58  Assimilator  
  17  1:06  Probe  
  18  1:12  Gateway  
  19  1:18  Probe  
  19  1:30  Probe  
  20  1:32  Cybernetics Core  
  20  1:42  Probe, Pylon  
  21  1:54  Probe  
  22  2:06  Probe  
  23  2:16  Warp Gate  
  23  2:20  Probe  
  24  2:25  Nexus  
  24  2:33  Sentry  
  24  2:36  Stalker  
  28  2:42  Probe  
  29  2:49  Pylon  
  29  2:54  Probe  
  30  3:16  Twilight Council  
  30  3:19  Forge  
  30  3:22  Probe  
  30  3:25  Pylon  
  31  3:33  Stalker  
  33  3:34  Probe  
  33  3:36  Stalker  
  36  3:45  Probe  
  36  3:46  Probe  
  36  3:47  Blink  
  38  3:50  Assimilator  
  38  3:52  Protoss Ground Weapons Level 1  
  38  3:57  Probe  
  39  4:10  Stalker  
  39  4:13  Stalker  
  39  4:15  Probe  
  44  4:18  Probe  
  45  4:29  Probe  
  45  4:30  Assimilator, Probe  
  47  4:41  Probe  
  47  4:42  Probe  
  49  4:53  Probe  
  49  4:54  Probe  
  51  5:06  Stalker  
  53  5:07  Stalker  
  53  5:13  Probe x2  
  57  5:25  Probe x2  
  59  5:35  Nexus  
  59  5:37  Probe x2  
  59  5:38  Pylon x2  
  59  5:41  Pylon  
  61  5:43  Assimilator  
  61  5:45  Assimilator  
  61  5:46  Shield Battery  
  61  5:58  Stalker x2  
  65  6:09  Protoss Ground Armor Level 1  
  65  6:11  Probe x2  
  67  6:23  Probe x2  
  69  6:35  Probe x2  
  71  6:47  Probe  
  71  6:48  Probe  
  71  6:53  Gateway  
  73  6:55  Gateway  
  73  6:56  Probe, Gateway  
  73  6:57  Gateway  
  73  7:00  Probe x2  
  76  7:05  Stalker x2  
  76  7:08  Probe  
  81  7:10  Charge  
  81  7:12  Probe x2  
  83  7:21  Probe  
  84  7:24  Probe x2  
  86  7:33  Probe  
  87  7:41  Robotics Facility  
  87  7:48  Zealot x2  
  91  7:52  Zealot  
  91  7:53  Zealot x3  
  99  8:14  Pylon  
  99  8:16  Probe x2  
  101  8:29  Pylon  
  101  8:31  Pylon  
  101  8:32  Probe x3  
  101  8:34  Pylon  
  104  8:36  Pylon  
  104  8:44  Probe  
  105  9:08  Immortal  
  109  9:18  Nexus  
  109  9:19  Probe x2  
  109  9:20  Probe, Pylon  
  112  9:24  Pylon  
  112  9:25  Assimilator  
  112  9:27  Assimilator  
  112  9:31  Probe  
  112  9:32  Zealot x3, Protoss Ground Weapons Level 2, Probe x2  
  112  9:33  Zealot x3  
  127  9:48  Immortal  
  131  10:20  Stargate  
  131  10:23  Stargate  
  131  10:25  Stargate  
  131  10:27  Stargate  
  131  10:29  Stargate  
  131  10:33  Stargate  
  131  10:34  Zealot x4  
  131  10:35  Zealot x2  
  143  10:46  Pylon  
  143  10:49  Pylon  
  143  10:50  Pylon  
  143  10:53  Pylon  
  143  10:54  Pylon  
  143  10:58  Gateway  
  143  11:02  Gateway  
  143  11:19  Void Ray x5  
  143  11:20  Void Ray  
  167  11:33  Stalker x2  
  167  11:34  Stalker x4  
  179  11:58  Zealot  
  179  11:59  Zealot x4  
  179  12:00  Zealot  
  191  12:01  Zealot x2  
  191  12:02  Void Ray  
Tags
 
Composition
Blink Stalkers
Matchup
PvZ
Opening
Pool First
Spawn Locations
Close Positions
Add a new tag
Caveats
  • Supply blocks, unpowered buildings, or Contaminate may cause inaccurate times.
  • Supply counts are checked every 10 seconds.